 Dungeon Crawl Stone Soup version 0.30.0-29-ga12c61a403 (webtiles) character file.

Game seed: 14262317497235119199

121 Yashakami the Chopper (level 5, -1/41 HPs)
             Began as a Human Fighter on June 7, 2023.
             Splashed by a jelly's acid (5 damage)
             ... on level 4 of the Dungeon.
             The game lasted 00:07:05 (2442 turns).

Yashakami the Chopper (Human Fighter)               Turns: 2442, Time: 00:07:06

Health: -1/41      AC:  8    Str: 18    XL:     5   Next: 26%
Magic:  5/5        EV:  7    Int:  9    God:
Gold:   83         SH:  4    Dex: 12    Spells: 4/4 levels left

rFire   . . .        a - +0 war axe
rCold   . . .        c - +0 buckler
rNeg    . . .        p - +0 chain mail
rPois   .            m - +0 helmet
rElec   .            x - +1 cloak {Stlth+}
rCorr   .            (no gloves)
SInv    .            (no boots)
Will    .....        (no amulet) Stlth
                     (no ring)
HPRegen 0.26/turn    (no ring)
MPRegen 0.09/turn

%: no passive effects
@: corroded
A: no striking features
a: no special abilities


You were on level 4 of the Dungeon.
You visited 1 branch of the dungeon, and saw 4 of its levels.

You collected 125 gold pieces.
You spent 42 gold pieces at shops.

Inventory:

Hand Weapons
 a - a +0 war axe (weapon)
Missiles
 o - 4 poisoned darts (quivered)
 t - 6 datura-tipped darts
Armour
 b - a +0 scale mail
 c - a +0 buckler (worn)
 m - a +0 helmet (worn)
 p - a +0 chain mail (worn)
 x - a +1 cloak of stealth (worn)
Wands
 u - a wand of polymorph (11)
 v - a wand of quicksilver (11)
Scrolls
 e - a scroll of enchant weapon {unknown}
 f - 3 scrolls of magic mapping {unknown}
 g - 2 scrolls of blinking {unknown}
 h - a scroll of amnesia {unknown}
 i - 5 scrolls of identify {unknown}
 q - a scroll of fear {unknown}
 s - a scroll of teleportation
 w - a scroll of poison {unknown}
Potions
 d - 2 potions of might
 j - a potion of curing {unknown}
 k - a potion of attraction {unknown}
 l - a potion of ambrosia {unknown}
 n - 3 potions of lignification {unknown}
 r - a potion of brilliance {unknown}


   Skills:
 - Level 3.0 Fighting
 * Level 5.1 Axes
 - Level 3.0 Armour
 - Level 3.0 Shields


You had 4 spell levels left.
You didn't know any spells.
Your spell library contained the following spells:

 Spells                   Type           Power      Damage    Failure   Level
 Static Discharge         Conj/Air       0%         2-2/arc   100%        2
 Airstrike                Air            0%         2d(0-16)  100%        4
 Summon Lightning Spire   Summ/Air       0%         N/A       100%        4


Dungeon Overview and Level Annotations

Branches:
Dungeon (4/15)
 Temple: D:4-7

Altars:
Fedhas

Shops:
D:1 (   D:2 ?


Message History

An adder comes into view.
The hobgoblin hits you.
The adder hisses angrily.
You slash the hobgoblin!
You kill the hobgoblin!
The adder bites you but does no damage. The adder closely misses you.
You slash the adder!
You kill the adder!
Your Axes skill increases to level 5!
Found 8 gold pieces.
A jelly comes into view.
Found a fizzy black potion.
Found a stone staircase leading up.
The jelly hits you but does no damage.
You hit the jelly but do no damage.
Your hands burn!
You block the jelly's attack.
You slash the jelly! The acid corrodes you!
Your hands burn!
The jelly is severely wounded.
The jelly hits you but does no damage.
You completely miss the jelly.
The jelly is severely wounded.
The jelly hits you but does no damage.
You hit the jelly.
Your hands burn!
The jelly is severely wounded.
The jelly barely misses you. The jelly hits you but does no damage.
You hit the jelly.
Your hands burn!
The jelly is almost dead.
The jelly hits you but does no damage.
You completely miss the jelly.
The jelly is almost dead.
The jelly hits you.
You are splashed with acid!
* * * LOW HITPOINT WARNING * * *
You hit the jelly but do no damage.
Your hands burn!
* * * LOW HITPOINT WARNING * * *
The jelly is almost dead.
The jelly hits you but does no damage.
You barely miss the jelly.
The jelly is almost dead.
The jelly hits you but does no damage. x2
You hit the jelly.
Your hands burn!
You die...

#.....<.!...
#...........
#...........
#...........
#$...................
#....................
#...J................
#...@................
#...................?
#....................
#..............††....
#....................
################....#
####....# #........
#........


You could see a jelly.

Vanquished Creatures
  Crazy Yiuf (D:3)
  An iguana (D:4)
  3 adders
  A dart slug (D:3)
  2 bats
  4 endoplasms
  2 hobgoblins
  3 jackals (D:2)
  4 quokkas
  4 ball pythons
  4 frilled lizards
  A goblin (D:1)
  7 kobolds
  4 rats
41 creatures vanquished.

Notes
Turn   | Place    | Note
-------+----------+-------------------------------------------
     0 | D:1      | Yashakami the Human Fighter began the quest for the Orb.
     0 | D:1      | Reached XP level 1. HP: 18/18 MP: 1/1
   235 | D:1      | Reached XP level 2. HP: 20/24 MP: 2/2
   459 | D:1      | Found Jolyjoat's Weapon Boutique.
   926 | D:2      | Reached skill level 3 in Axes
  1178 | D:2      | Reached XP level 3. HP: 19/29 MP: 3/3
  1415 | D:2      | Found Iqios's Magic Scroll Emporium.
  1420 | D:2      | Bought a scroll of teleportation for 42 gold pieces
  1526 | D:3      | Found a blossoming altar of Fedhas.
  1632 | D:3      | Reached skill level 4 in Axes
  1632 | D:3      | Reached XP level 4. HP: 35/35 MP: 4/4
  1651 | D:3      | Found a faded altar of an unknown god.
  1845 | D:3      | Found a runed translucent door.
  1846 | D:3      | Noticed Crazy Yiuf
  2226 | D:3      | Killed Crazy Yiuf
  2233 | D:3      | HP: 1/35 [poisoned by Crazy Yiuf]
  2410 | D:4      | Reached XP level 5. HP: 20/41 MP: 5/5
  2421 | D:4      | Reached skill level 5 in Axes
  2442 | D:4      | Splashed by a jelly's acid

Illustrated notes

Levels and vault maps discovered:
D:1:      shiori_arrival_oz, layout_basic, serial_shops, nicolae_shop_stone,
          st_stairs_7
D:2:      layout_basic, serial_shops, nicolae_shop_pleasant_corner_grove,
          reono_crystal_passage
D:3:      layout_loops_ring, fedhas_altar_fruit_tree,
          hellmonk_ecumenical_altar_slurped_away, nicolae_figureground_sparkle,
          uniq_crazy_yiuf_cottage
D:4:      layout_basic

Skill      XL: |  1  2  3  4  5 |
---------------+----------------+-----
Axes           | 3 4 5 |  5.1
Fighting       | |  3.0
Armour         | |  3.0
Shields        | |  3.0

Action                     |  1- 3 |  4- 6 || total
---------------------------+-------+-------++-------
  Melee: War axe           |    73 |    38 ||   111
 Armour: Scale mail        |    14 |       ||    14
         Chain mail        |    17 |    29 ||    46
  Dodge: Dodged            |    36 |     7 ||    43
  Block: Buckler           |    21 |     9 ||    30
